 Dungeon Crawl Stone Soup version 0.25.1-8-g42b30a86e7 (webtiles) character file.

Game seed: 8303035711215357143

208 Abzac the Slasher (level 5, -2/43 HPs)
             Began as a Barachi Fighter on Dec 20, 2020.
             Slain by a wyvern (8 damage)
             ... on level 6 of the Dungeon.
             The game lasted 00:06:46 (3910 turns).

Abzac the Slasher (Barachi Fighter)                 Turns: 3910, Time: 00:06:47

Health: -2/43      AC: 10    Str: 18    XL:     5   Next: 86%
Magic:  5/5        EV:  7    Int:  9    God:
Gold:   152        SH: 10    Dex: 17    Spells: 4/4 levels left

rFire    . . .     SeeInvis .   a - +0 long sword
rCold    + . .     Gourm    .   c - +0 kite shield
rNeg     . . .     Faith    .   p - +2 scale mail {rC+}
rPois    .         Spirit   .   (no helmet)
rElec    .         Reflect  .   (no cloak)
rCorr    .         Harm     .   l - +0 pair of gloves
MR       .....                  (no boots)
Stlth    ..........             (no amulet)
HPRegen  0.14/turn              n - +6 ring of dexterity
MPRegen  0.09/turn              (no ring)

@: slow
A: +LOS, swims, slowness 1, strong legs 1
a: Hop


You were on level 6 of the Dungeon.
You were not hungry.

You visited 1 branch of the dungeon, and saw 6 of its levels.

You collected 152 gold pieces.

Inventory:

Hand Weapons
 a - a +0 long sword (weapon)
 g - a +0 hand crossbow
Armour
 c - a +0 kite shield (worn)
 l - a +0 pair of gloves (worn)
 o - a +0 plate armour
 p - a +2 scale mail of cold resistance (worn)
Jewellery
 n - a +6 ring of dexterity (left hand)
Scrolls
 e - a scroll of enchant armour {unknown}
 i - a scroll of random uselessness
 j - a scroll of enchant weapon {unknown}
 u - a scroll of teleportation
Potions
 d - 3 potions of might
 h - 4 potions of curing
 k - a potion of stabbing {unknown}
 m - 2 potions of flight
 r - a potion of berserk rage {unknown}
 s - a potion of haste {unknown}
Comestibles
 b - 2 chunks of flesh
 f - 11 rations


   Skills:
 + Level 4.7 Fighting
 * Level 4.8 Long Blades
 + Level 4.7 Armour
 + Level 4.2 Shields


You had 4 spell levels left.
You didn't know any spells.
Your spell library contained the following spells:

 Spells                   Type           Power        Failure   Level  Hunger
 Beastly Appendage        Tmut           #.....       99%         1    ##.....
 Sticks to Snakes         Tmut           #.......     100%        2    ###....
 Spider Form              Tmut/Pois      #.........   100%        3    ####...
 Ice Form                 Ice/Tmut       #.......     100%        4    #####..
 Blade Hands              Tmut           #.........   100%        5    ######.


Dungeon Overview and Level Annotations

Branches:
Dungeon (7/15)
 Temple: D:4-7

Altars:


Innate Abilities, Weirdness & Mutations

You can be seen from farther away. (+LOS)
You can swim through water.
You cover ground slowly.
You can hop short distances.


Message History

You block the wyvern's attack.
You closely miss the wyvern.
The wyvern is moderately wounded.
The wyvern bites you!
Some of the chunks of flesh in your inventory have rotted away.
You hit the wyvern.
The wyvern is heavily wounded.
You block the wyvern's attack. The wyvern barely misses you.
You riposte.
You slash the wyvern!
The wyvern is severely wounded.
You hit the wyvern.
The wyvern is almost dead.
The wyvern bites you!
* * * LOW HITPOINT WARNING * * *
The wyvern bites you.
* * * LOW HITPOINT WARNING * * *
You hit the wyvern.
The wyvern is almost dead.
You block the wyvern's attack. The wyvern bites you!
You die...

#.........#.# #
#...........#
##.########.# #(# ##
#.# #.# #.#
##.################
#.....@l..รท........
################...


You could see a wyvern.

Vanquished Creatures
  A hound (D:6)
  An orc wizard (D:3)
  5 gnolls
  An adder (D:3)
  An ooze (D:3)
  An adder skeleton (D:4)
  4 worms
  2 dart slugs
  8 orcs (D:3)
  A ball python (D:2)
  3 bats
  4 giant cockroaches
  4 goblins
  5 hobgoblins
  5 jackals
  3 frilled lizards
  8 kobolds
  7 rats
64 creatures vanquished.

Notes
Turn   | Place    | Note
-------+----------+-------------------------------------------
     0 | D:1      | Abzac the Barachi Fighter began the quest for the Orb.
     0 | D:1      | Reached XP level 1. HP: 18/18 MP: 1/1
   213 | D:1      | Reached XP level 2. HP: 19/25 MP: 2/2
  1167 | D:2      | Reached XP level 3. HP: 25/30 MP: 3/3
  2118 | D:3      | Reached XP level 4. HP: 27/37 MP: 4/4
  3031 | D:3      | Reached XP level 5. HP: 43/43 MP: 5/5
  3419 | D:4      | You fall into a shaft and drop 3 floors!
  3898 | D:6      | Noticed a wyvern
  3910 | D:6      | Slain by a wyvern

Illustrated notes

Levels and vault maps discovered:
D:1:      minmay_arrival_stone_box, layout_loops_corners
D:2:      layout_loops_ring, minmay_pentomino_p2
D:3:      layout_loops_cross
D:4:      layout_basic, marbit_many_paths, first_ration,
          cheibrodos_sewer_entry_drain, dk_noncrumbling_3
D:6:      layout_basic, nicolae_overflow_crystal_walls,
          minmay_temple_entry_glassed_door, kennysheep_nub, minmay_manual_moon,
          uniq_grinder, uniq_duvessa
D:7:      kennysheep_steamy, layout_cave_pools, grunt_temple_overflow_open,
          grunt_livestock, minivault_25, uniq_joseph

Skill      XL: |  1  2  3  4 |
---------------+-------------+-----
Long Blades    | 3 4 |  4.8
Armour         | 4 |  4.7
Fighting       | 4 |  4.7
Shields        | 4 |  4.2

Action                   |  1- 3 |  4- 6 || total
-------------------------+-------+-------++-------
Melee: Long sword        |   128 |   116 ||   244
 Abil: Hop               |     1 |     1 ||     2
  Use: Scroll            |       |     8 ||     8
  Eat: Chunk             |     5 |     6 ||    11
Armor: Scale mail        |    69 |    35 ||   104
Dodge: Dodged            |    41 |    29 ||    70
Block: Kite shield       |    78 |    63 ||   141
       Rpst.: Long sword |    17 |    15 ||    32
